General information
			
			
        
        - name: BNet
 
        - type: Ladder team game (AT/RT)
 
        - host: Battle.net
 
        - saver: Glower
 
        
map: FullScaleAssault 
        - players: 8
 
        - length: 33:01
 
        - speed: Fast
 - version: 1.22 W3XP
 - replay type:  Public
 
» download(277 KB)
Players
        team 1 (loser) 
              
              
1.5paciuloka (
red | 58 APM | 1575 actions | 27:07)
              
 4 Blademaster 
 2 Wind Walk
 2 Critical Strike
 
                » actions 
                
                | Assign group hotkey | 23 |  | 
| Basic commands | 80 |  | 
| Build / train | 65 |  | 
| ESC pressed | 2 |  | 
| Enter build submenu | 23 |  | 
| Enter hero's abilities submenu | 4 |  | 
| Give item / drop item | 4 |  | 
| Right click | 504 |  | 
| Select / deselect | 265 |  | 
| Select group hotkey | 536 |  | 
| Use ability | 68 |  | 
                1575 total
 » units 
                
                | Peon | 10 |  | 
| Grunt | 4 |  | 
| Troll Batrider | 19 |  | 
| Shaman | 2 |  | 
| Demolisher | 3 |  | 
                38 total
 » upgrades
                
                | Shaman Training | 2 |  | 
| Liquid Fire | 1 |  | 
| Ranged Weapons | 3 |  | 
| Reinforced Defenses | 1 |  | 
| Burning Oil | 1 |  | 
                8 total
 » buildings
                
                | Altar of Storms | 1 |  | 
| Orc Burrow | 9 |  | 
| Barracks | 3 |  | 
| Voodoo Lounge | 1 |  | 
| Stronghold | 1 |  | 
| War Mill | 1 |  | 
| Spirit Lodge | 1 |  | 
| Fortress | 1 |  | 
| Beastiary | 2 |  | 
| Great Hall | 1 |  | 
| Tree of Ages | 1 |  | 
| Ancient of War | 1 |  | 
| Tree of Eternity | 1 |  | 
| Ancient of Lore | 1 |  | 
                25 total
 » build order
                00:05 Altar of Storms
00:24 Orc Burrow
00:40 Barracks
01:31 Orc Burrow
01:33 Orc Burrow
02:20 Voodoo Lounge
03:30 Stronghold
04:13 War Mill
04:54 Orc Burrow
05:54 Spirit Lodge
05:55 Fortress
06:00 Beastiary
06:12 Beastiary
07:25 Orc Burrow
07:45 Great Hall
10:29 Tree of Ages
10:32 Ancient of War
12:23 Orc Burrow
13:28 Orc Burrow
14:22 Tree of Eternity
14:27 Ancient of Lore
18:05 Orc Burrow
22:29 Orc Burrow
25:06 Barracks
25:13 Barracks
» items
                
                | Healing Salve | 3 |  | 
| Orb of Lightning | 1 |  | 
| Potion of Healing | 3 |  | 
| Staff of Teleportation | 1 |  | 
| Dust of Appearance | 1 |  | 
                9 total
  
               
              
              
Can[T]YouStopMe (
purple | 58 APM | 553 actions | 09:32)
              
 1 Warden 
 1 Shadow Strike
 
                » actions 
                
                | Assign group hotkey | 2 |  | 
| Build / train | 22 |  | 
| Enter build submenu | 6 |  | 
| Enter hero's abilities submenu | 1 |  | 
| Right click | 177 |  | 
| Select / deselect | 116 |  | 
| Select group hotkey | 174 |  | 
| Use ability | 54 |  | 
                553 total
 » units 
                » buildings
                
                | Altar of Elders | 1 |  | 
| Moon Well | 2 |  | 
| Ancient of Wonders | 1 |  | 
                4 total
 » build order
                00:09 Altar of Elders
00:10 Moon Well
02:33 Ancient of Wonders
04:31 Moon Well
» items
                
                | Lesser Clarity Potion | 3 |  | 
| Dust of Appearance | 1 |  | 
                4 total
  
               
              
              
dolarpoland (
pink | 82 APM | 2678 actions | 32:48)
              
 5 Death Knight 
 3 Death Coil
 2 Unholy Aura
 2 Lich 
 1 Frost Nova
 1 Dark Ritual
 
                » actions 
                
                | Assign group hotkey | 57 |  | 
| Basic commands | 103 |  | 
| Build / train | 105 |  | 
| Enter build submenu | 40 |  | 
| Enter hero's abilities submenu | 7 |  | 
| Give item / drop item | 1 |  | 
| Remove unit from queue | 6 |  | 
| Right click | 947 |  | 
| Select / deselect | 637 |  | 
| Select group hotkey | 638 |  | 
| Use ability | 137 |  | 
                2678 total
 » units 
                
                | Acolyte | 17 |  | 
| Ghoul | 3 |  | 
| Crypt Fiend | 19 |  | 
| Frost Wyrm | 1 |  | 
| Gargoyle | 1 |  | 
| Blue Dragon | 1 |  | 
| Meatwagon | 9 |  | 
| Obsidian Statue | -1 |  | 
| Dryad | 6 |  | 
| Demolisher | 2 |  | 
| Kodo Beast | 6 |  | 
| Abomination | 3 |  | 
                67 total
 » upgrades
                
                | Creature Attack | 3 |  | 
| Burrow | 1 |  | 
| Freezing Breath | 1 |  | 
| Web | 1 |  | 
| Creature Carapace | 2 |  | 
                8 total
 » buildings
                
                | Graveyard | 1 |  | 
| Crypt | 4 |  | 
| Altar of Darkness | 1 |  | 
| Ziggurat | 25 |  | 
| Tomb of Relics | 1 |  | 
| Nerubian Tower | 2 |  | 
| Halls of the Dead | 1 |  | 
| Black Citadel | 1 |  | 
| Necropolis | 1 |  | 
| Sacrificial Pit | 1 |  | 
| Boneyard | 2 |  | 
| Hunter's Hall | 1 |  | 
| Moon Well | 2 |  | 
| Ancient of Wind | 1 |  | 
| Spirit Tower | 2 |  | 
| Chimaera Roost | 2 |  | 
| Slaughterhouse | 3 |  | 
                51 total
 » build order
                00:13 Graveyard
00:28 Crypt
00:34 Crypt
00:48 Altar of Darkness
01:00 Ziggurat
01:10 Tomb of Relics
01:40 Ziggurat
01:58 Nerubian Tower
04:01 Halls of the Dead
04:03 Ziggurat
05:22 Ziggurat
07:44 Black Citadel
08:02 Necropolis
09:29 Sacrificial Pit
09:57 Ziggurat
10:00 Ziggurat
10:01 Ziggurat
10:47 Boneyard
11:38 Hunter's Hall
11:42 Moon Well
11:43 Moon Well
12:14 Boneyard
13:15 Crypt
13:16 Crypt
14:38 Ancient of Wind
15:04 Spirit Tower
15:06 Ziggurat
16:03 Nerubian Tower
16:28 Ziggurat
16:47 Chimaera Roost
16:50 Chimaera Roost
19:08 Spirit Tower
22:30 Slaughterhouse
22:30 Slaughterhouse
22:32 Slaughterhouse
30:44 Ziggurat
30:46 Ziggurat
30:47 Ziggurat
30:47 Ziggurat
30:48 Ziggurat
30:49 Ziggurat
30:50 Ziggurat
30:52 Ziggurat
30:57 Ziggurat
30:58 Ziggurat
30:59 Ziggurat
31:00 Ziggurat
31:00 Ziggurat
31:02 Ziggurat
31:02 Ziggurat
31:04 Ziggurat
» items
                
                | Rod of Necromancy | 1 |  | 
| Dust of Appearance | 4 |  | 
| Potion of Healing | 1 |  | 
| Potion of Mana | 1 |  | 
| Scroll of Town Portal | 2 |  | 
| Orb of Corruption | 1 |  | 
| Scroll of Healing | 1 |  | 
                11 total
  
               
              
              
» 
Sapphire[PL] (
orange | 60 APM | 1993 actions | 32:59)
              
 5 Priestess of the Moon 
 3 Trueshot Aura
 2 Scout
 
                » actions 
                
                | Assign group hotkey | 112 |  | 
| Basic commands | 29 |  | 
| Build / train | 95 |  | 
| Enter build submenu | 45 |  | 
| Enter hero's abilities submenu | 5 |  | 
| Remove unit from queue | 1 |  | 
| Right click | 970 |  | 
| Select / deselect | 312 |  | 
| Select group hotkey | 360 |  | 
| Use ability | 64 |  | 
                1993 total
 » units 
                
                | Wisp | 38 |  | 
| Huntress | 7 |  | 
| Chimaera | 5 |  | 
| Mountain Giant | 12 |  | 
                62 total
 » upgrades
                
                | Strength of the Wild | 6 |  | 
| Reinforced Hides | 6 |  | 
| Moon Armor | 1 |  | 
| Strength of the Moon | 0 |  | 
| Corrosive Breath | 1 |  | 
| Hardened Skin | 2 |  | 
| Resistant Skin | 2 |  | 
| Well Spring | 1 |  | 
| Ultravision | 1 |  | 
| Nature's Blessing | 1 |  | 
                21 total
 » buildings
                
                | Altar of Elders | 1 |  | 
| Moon Well | 14 |  | 
| Hunter's Hall | 1 |  | 
| Ancient of War | 2 |  | 
| Tree of Ages | 1 |  | 
| Ancient of Wonders | 2 |  | 
| Tree of Eternity | 1 |  | 
| Ancient of Wind | 1 |  | 
| Chimaera Roost | 3 |  | 
| Tree of Life | 2 |  | 
| Ancient of Lore | 4 |  | 
| Ancient Protector | 11 |  | 
                43 total
 » build order
                00:28 Altar of Elders
00:37 Moon Well
01:10 Hunter's Hall
01:18 Ancient of War
01:34 Moon Well
02:04 Ancient of War
02:20 Moon Well
02:28 Moon Well
02:47 Tree of Ages
02:51 Ancient of Wonders
03:58 Ancient of Wonders
05:13 Tree of Eternity
05:23 Ancient of Wind
05:54 Moon Well
06:00 Moon Well
07:43 Chimaera Roost
07:46 Chimaera Roost
08:22 Chimaera Roost
08:24 Moon Well
08:25 Moon Well
08:27 Moon Well
10:50 Tree of Life
15:42 Ancient of Lore
15:47 Ancient of Lore
16:09 Ancient of Lore
16:13 Ancient of Lore
17:57 Moon Well
18:01 Moon Well
19:13 Moon Well
19:20 Moon Well
19:22 Moon Well
28:03 Tree of Life
30:53 Ancient Protector
30:58 Ancient Protector
31:01 Ancient Protector
31:08 Ancient Protector
31:27 Ancient Protector
31:29 Ancient Protector
31:32 Ancient Protector
31:36 Ancient Protector
31:40 Ancient Protector
31:44 Ancient Protector
31:47 Ancient Protector
» items
                
                | Dust of Appearance | 1 |  | 
| Scroll of Town Portal | 1 |  | 
| Potion of Lesser Invulnerability | 1 |  | 
                3 total
  
               team 2 (winner) 
              
              
DevourPowerDour (
blue | 89 APM | 2948 actions | 33:00)
              
 8 Blademaster 
 3 Wind Walk
 3 Critical Strike
 1 Bladestorm
 1 Mirror Image
 
                » actions 
                
                | Assign group hotkey | 189 |  | 
| Basic commands | 6 |  | 
| Build / train | 68 |  | 
| ESC pressed | 2 |  | 
| Enter build submenu | 47 |  | 
| Enter hero's abilities submenu | 8 |  | 
| Give item / drop item | 3 |  | 
| Remove unit from queue | 3 |  | 
| Right click | 1869 |  | 
| Select / deselect | 316 |  | 
| Select group hotkey | 208 |  | 
| Use ability | 228 |  | 
                2948 total
 » units 
                
                | Peon | 18 |  | 
| Troll Batrider | 6 |  | 
| Raider | 1 |  | 
                25 total
 » upgrades
                
                | Spiked Barricades | 1 |  | 
| Liquid Fire | 1 |  | 
| Armor | 3 |  | 
| Ranged Weapons | 3 |  | 
| Ensnare | 1 |  | 
| Reinforced Defenses | 1 |  | 
                10 total
 » buildings
                
                | Altar of Storms | 1 |  | 
| Orc Burrow | 4 |  | 
| War Mill | 1 |  | 
| Watch Tower | 36 |  | 
| Stronghold | 2 |  | 
| Voodoo Lounge | 3 |  | 
| Fortress | 2 |  | 
| Beastiary | 2 |  | 
| Great Hall | 1 |  | 
                52 total
 » build order
                00:02 Altar of Storms
00:14 Orc Burrow
00:58 War Mill
02:11 Watch Tower
02:17 Watch Tower
02:38 Orc Burrow
03:30 Watch Tower
03:31 Watch Tower
03:52 Stronghold
04:30 Watch Tower
04:33 Watch Tower
05:45 Watch Tower
05:45 Watch Tower
05:52 Orc Burrow
05:56 Voodoo Lounge
06:03 Voodoo Lounge
06:39 Fortress
06:48 Beastiary
06:50 Beastiary
06:58 Watch Tower
07:01 Watch Tower
08:09 Watch Tower
08:15 Watch Tower
08:19 Watch Tower
09:53 Watch Tower
09:54 Watch Tower
10:19 Voodoo Lounge
11:05 Watch Tower
11:06 Watch Tower
11:08 Watch Tower
11:08 Watch Tower
11:09 Watch Tower
11:10 Watch Tower
11:10 Watch Tower
11:10 Watch Tower
11:27 Orc Burrow
12:29 Watch Tower
14:01 Watch Tower
14:03 Watch Tower
15:51 Watch Tower
15:52 Watch Tower
15:53 Watch Tower
15:54 Watch Tower
16:04 Watch Tower
16:06 Watch Tower
16:07 Watch Tower
16:09 Watch Tower
16:51 Great Hall
18:09 Watch Tower
18:10 Watch Tower
» items
                
                | Scroll of Regeneration | 2 |  | 
| Lesser Clarity Potion | 4 |  | 
| Staff of Teleportation | 1 |  | 
| Healing Salve | 2 |  | 
| Scroll of Speed | 1 |  | 
| Potion of Healing | 1 |  | 
                11 total
  
               
              
              
Glower (
yellow | 104 APM | 3442 actions | 33:01)
              
 6 Blademaster 
 2 Wind Walk
 3 Critical Strike
 1 Bladestorm
 
                » actions 
                
                | Assign group hotkey | 13 |  | 
| Basic commands | 7 |  | 
| Build / train | 73 |  | 
| Enter build submenu | 71 |  | 
| Enter hero's abilities submenu | 6 |  | 
| Give item / drop item | 8 |  | 
| Remove unit from queue | 1 |  | 
| Right click | 2257 |  | 
| Select / deselect | 326 |  | 
| Select group hotkey | 479 |  | 
| Use ability | 197 |  | 
                3442 total
 » units 
                
                | Peon | 12 |  | 
| Troll Batrider | 23 |  | 
| Goblin Zeppelin | 2 |  | 
                37 total
 » upgrades
                
                | Ranged Weapons | 1 |  | 
| Liquid Fire | 1 |  | 
| Reinforced Defenses | 1 |  | 
                3 total
 » buildings
                
                | Altar of Storms | 1 |  | 
| Orc Burrow | 4 |  | 
| War Mill | 1 |  | 
| Watch Tower | 62 |  | 
| Voodoo Lounge | 1 |  | 
| Stronghold | 1 |  | 
| Beastiary | 2 |  | 
| Fortress | 1 |  | 
                73 total
 » build order
                00:07 Altar of Storms
00:22 Orc Burrow
00:38 War Mill
01:53 Watch Tower
02:15 Watch Tower
02:43 Voodoo Lounge
03:01 Watch Tower
03:47 Watch Tower
03:50 Stronghold
04:09 Watch Tower
04:32 Watch Tower
04:44 Orc Burrow
05:16 Watch Tower
05:18 Watch Tower
05:43 Orc Burrow
06:33 Beastiary
06:47 Watch Tower
07:04 Beastiary
07:47 Orc Burrow
08:22 Watch Tower
10:32 Fortress
11:04 Watch Tower
11:04 Watch Tower
13:27 Watch Tower
13:28 Watch Tower
16:01 Watch Tower
16:03 Watch Tower
16:04 Watch Tower
16:05 Watch Tower
16:40 Watch Tower
20:06 Watch Tower
20:07 Watch Tower
20:08 Watch Tower
20:54 Watch Tower
21:16 Watch Tower
21:17 Watch Tower
21:17 Watch Tower
22:31 Watch Tower
22:32 Watch Tower
22:32 Watch Tower
22:33 Watch Tower
22:49 Watch Tower
22:50 Watch Tower
24:56 Watch Tower
24:57 Watch Tower
24:58 Watch Tower
24:58 Watch Tower
24:59 Watch Tower
25:00 Watch Tower
25:01 Watch Tower
25:02 Watch Tower
25:18 Watch Tower
25:19 Watch Tower
26:23 Watch Tower
28:13 Watch Tower
28:14 Watch Tower
28:14 Watch Tower
28:15 Watch Tower
28:16 Watch Tower
28:17 Watch Tower
28:18 Watch Tower
28:18 Watch Tower
30:04 Watch Tower
30:05 Watch Tower
30:06 Watch Tower
30:07 Watch Tower
31:39 Watch Tower
31:40 Watch Tower
31:40 Watch Tower
32:05 Watch Tower
32:06 Watch Tower
32:33 Watch Tower
32:34 Watch Tower
» items
                
                | Healing Salve | 6 |  | 
| Lesser Clarity Potion | 10 |  | 
| Staff of Teleportation | 1 |  | 
| Boots of Speed | 1 |  | 
| Orb of Lightning | 2 |  | 
                20 total
  
               
              
              
SourFlowerHour (
green | 110 APM | 3620 actions | 33:00)
              
 6 Mountain King 
 3 Storm Bolt
 2 Bash
 1 Avatar
 4 Paladin 
 2 Holy Light
 2 Divine Shield
 4 Blood Mage 
 2 Banish
 2 Siphon Mana
 
                » actions 
                
                | Assign group hotkey | 383 |  | 
| Basic commands | 50 |  | 
| Build / train | 147 |  | 
| Enter build submenu | 138 |  | 
| Enter hero's abilities submenu | 14 |  | 
| Give item / drop item | 12 |  | 
| Right click | 1453 |  | 
| Select / deselect | 452 |  | 
| Select group hotkey | 597 |  | 
| Use ability | 374 |  | 
                3620 total
 » units 
                » upgrades
                
                | Masonry | 3 |  | 
| Lumber Harvesting | 2 |  | 
| Magic Sentry | 1 |  | 
                6 total
 » buildings
                
                | Altar of Kings | 1 |  | 
| Lumber Mill | 2 |  | 
| Farm | 3 |  | 
| Scout Tower | 224 |  | 
| Arcane Tower | 8 |  | 
| Guard Tower | 52 |  | 
| Arcane Vault | 7 |  | 
| Town Hall | 2 |  | 
| Keep | 1 |  | 
| Castle | 1 |  | 
| Arcane Sanctum | 2 |  | 
                303 total
 » build order
                00:04 Altar of Kings
00:18 Lumber Mill
00:23 Farm
00:35 Farm
01:34 Scout Tower
01:40 Farm
02:02 Scout Tower
02:03 Arcane Tower
02:09 Scout Tower
02:18 Scout Tower
02:44 Guard Tower
02:45 Scout Tower
02:49 Guard Tower
03:05 Scout Tower
03:15 Guard Tower
03:17 Scout Tower
03:31 Arcane Vault
04:12 Guard Tower
04:14 Scout Tower
04:33 Guard Tower
04:43 Guard Tower
04:49 Scout Tower
04:52 Scout Tower
04:52 Scout Tower
04:56 Scout Tower
05:23 Guard Tower
05:47 Arcane Tower
05:52 Scout Tower
05:52 Scout Tower
06:09 Scout Tower
06:25 Town Hall
06:50 Town Hall
06:55 Guard Tower
07:01 Scout Tower
07:30 Guard Tower
07:31 Scout Tower
07:32 Scout Tower
07:45 Keep
09:56 Guard Tower
10:29 Castle
10:48 Arcane Sanctum
10:51 Scout Tower
10:52 Scout Tower
10:52 Scout Tower
10:53 Scout Tower
11:01 Scout Tower
11:02 Scout Tower
11:02 Scout Tower
11:11 Scout Tower
11:12 Scout Tower
11:14 Scout Tower
11:20 Guard Tower
11:23 Arcane Sanctum
11:36 Scout Tower
11:36 Scout Tower
12:32 Scout Tower
12:33 Scout Tower
12:33 Scout Tower
12:35 Guard Tower
12:37 Guard Tower
12:38 Scout Tower
12:39 Scout Tower
12:39 Scout Tower
12:41 Guard Tower
12:42 Scout Tower
12:43 Scout Tower
12:44 Scout Tower
12:45 Scout Tower
12:46 Scout Tower
12:47 Scout Tower
12:48 Arcane Vault
12:51 Scout Tower
12:52 Scout Tower
12:53 Scout Tower
13:16 Arcane Tower
15:01 Guard Tower
15:03 Scout Tower
15:04 Scout Tower
15:08 Arcane Tower
15:10 Scout Tower
15:11 Arcane Vault
15:13 Arcane Vault
15:15 Scout Tower
15:16 Scout Tower
15:18 Guard Tower
15:19 Scout Tower
15:19 Scout Tower
15:21 Guard Tower
15:23 Scout Tower
15:23 Scout Tower
15:27 Scout Tower
15:28 Scout Tower
16:05 Guard Tower
16:06 Scout Tower
16:07 Scout Tower
16:07 Scout Tower
16:10 Guard Tower
16:13 Scout Tower
16:14 Scout Tower
16:15 Scout Tower
16:56 Guard Tower
16:57 Arcane Vault
16:59 Scout Tower
17:00 Scout Tower
17:05 Guard Tower
17:06 Scout Tower
17:21 Scout Tower
17:22 Scout Tower
17:25 Scout Tower
17:26 Scout Tower
17:27 Scout Tower
17:27 Scout Tower
18:13 Guard Tower
18:14 Scout Tower
18:15 Scout Tower
18:18 Guard Tower
18:20 Scout Tower
18:21 Scout Tower
18:21 Scout Tower
18:22 Scout Tower
18:23 Scout Tower
18:23 Scout Tower
18:26 Scout Tower
18:26 Scout Tower
18:38 Guard Tower
18:43 Scout Tower
18:44 Scout Tower
18:45 Scout Tower
18:52 Guard Tower
18:57 Scout Tower
18:58 Scout Tower
19:01 Scout Tower
19:02 Scout Tower
19:25 Guard Tower
19:26 Scout Tower
19:28 Guard Tower
19:31 Scout Tower
20:14 Guard Tower
20:16 Scout Tower
20:17 Scout Tower
20:19 Guard Tower
20:20 Scout Tower
20:22 Guard Tower
20:24 Scout Tower
20:26 Scout Tower
20:26 Scout Tower
20:37 Scout Tower
20:38 Scout Tower
20:40 Scout Tower
20:41 Scout Tower
20:42 Scout Tower
20:43 Scout Tower
20:44 Scout Tower
20:45 Scout Tower
20:45 Scout Tower
20:46 Scout Tower
20:47 Scout Tower
20:47 Scout Tower
20:48 Scout Tower
20:49 Scout Tower
20:50 Scout Tower
20:51 Scout Tower
20:52 Scout Tower
20:52 Scout Tower
20:53 Scout Tower
20:54 Scout Tower
20:54 Scout Tower
20:55 Scout Tower
20:56 Scout Tower
20:56 Scout Tower
20:57 Scout Tower
20:58 Scout Tower
21:01 Guard Tower
21:05 Guard Tower
21:05 Guard Tower
21:06 Guard Tower
21:15 Guard Tower
21:16 Scout Tower
21:18 Guard Tower
21:20 Scout Tower
21:22 Scout Tower
21:23 Scout Tower
21:24 Scout Tower
21:25 Scout Tower
21:26 Arcane Vault
21:27 Scout Tower
21:31 Scout Tower
21:32 Scout Tower
21:33 Scout Tower
21:35 Scout Tower
21:36 Scout Tower
21:36 Scout Tower
21:37 Scout Tower
21:38 Scout Tower
21:39 Scout Tower
21:41 Scout Tower
21:44 Scout Tower
21:45 Scout Tower
21:46 Scout Tower
21:47 Scout Tower
21:48 Scout Tower
21:48 Scout Tower
21:49 Scout Tower
21:50 Scout Tower
21:50 Scout Tower
21:52 Scout Tower
21:52 Scout Tower
21:53 Scout Tower
21:53 Scout Tower
21:54 Scout Tower
21:55 Scout Tower
21:57 Scout Tower
22:00 Scout Tower
22:01 Scout Tower
22:02 Scout Tower
22:03 Scout Tower
22:04 Scout Tower
22:05 Scout Tower
22:06 Scout Tower
22:06 Scout Tower
22:07 Scout Tower
22:07 Scout Tower
22:08 Scout Tower
22:20 Guard Tower
22:21 Scout Tower
22:24 Scout Tower
22:29 Guard Tower
22:36 Guard Tower
22:41 Scout Tower
22:42 Scout Tower
22:42 Scout Tower
22:43 Scout Tower
22:46 Scout Tower
22:46 Scout Tower
23:01 Guard Tower
23:49 Guard Tower
23:54 Scout Tower
23:54 Scout Tower
23:57 Guard Tower
24:44 Guard Tower
24:46 Guard Tower
24:47 Guard Tower
25:22 Guard Tower
25:25 Scout Tower
25:26 Scout Tower
25:59 Arcane Tower
26:34 Guard Tower
26:56 Scout Tower
26:58 Scout Tower
26:59 Scout Tower
27:00 Scout Tower
27:01 Scout Tower
27:01 Scout Tower
27:02 Scout Tower
27:03 Scout Tower
27:05 Scout Tower
27:06 Scout Tower
27:06 Scout Tower
27:07 Scout Tower
27:11 Arcane Tower
27:32 Scout Tower
27:33 Scout Tower
27:34 Scout Tower
27:35 Scout Tower
27:37 Scout Tower
27:37 Scout Tower
27:38 Scout Tower
27:39 Scout Tower
27:40 Scout Tower
27:40 Scout Tower
27:42 Arcane Vault
27:44 Scout Tower
27:45 Scout Tower
27:45 Scout Tower
27:46 Scout Tower
27:47 Scout Tower
27:48 Scout Tower
27:48 Scout Tower
27:49 Scout Tower
27:49 Scout Tower
27:50 Scout Tower
27:57 Scout Tower
27:58 Scout Tower
27:59 Scout Tower
28:00 Scout Tower
30:42 Guard Tower
30:46 Guard Tower
31:40 Arcane Tower
31:54 Guard Tower
31:56 Lumber Mill
31:59 Guard Tower
32:02 Scout Tower
32:03 Scout Tower
32:17 Guard Tower
32:19 Scout Tower
32:21 Scout Tower
32:21 Scout Tower
32:22 Scout Tower
32:23 Scout Tower
32:23 Scout Tower
32:24 Scout Tower
32:30 Arcane Tower
» items
                
                | Boots of Speed | 3 |  | 
| Staff of Teleportation | 3 |  | 
| Lesser Clarity Potion | 3 |  | 
| Healing Salve | 3 |  | 
| Potion of Healing | 2 |  | 
| Potion of Mana | 3 |  | 
| Scroll of Town Portal | 4 |  | 
| Circlet of Nobility | 4 |  | 
| Staff of Sanctuary | 2 |  | 
| Orb of Lightning | 1 |  | 
| Periapt of Vitality | 1 |  | 
                29 total
  
               
              
              
tylersaSOURpuss (
teal | 68 APM | 2241 actions | 33:00)
              
 7 Warden 
 3 Shadow Strike
 3 Blink
 1 Spirit of Vengeance
 
                » actions 
                
                | Assign group hotkey | 7 |  | 
| Basic commands | 35 |  | 
| Build / train | 70 |  | 
| ESC pressed | 10 |  | 
| Enter build submenu | 29 |  | 
| Enter hero's abilities submenu | 7 |  | 
| Give item / drop item | 7 |  | 
| Right click | 1384 |  | 
| Select / deselect | 182 |  | 
| Select group hotkey | 302 |  | 
| Use ability | 208 |  | 
                2241 total
 » units 
                » upgrades
                
                | Ultravision | 1 |  | 
| Strength of the Wild | 1 |  | 
| Reinforced Hides | 1 |  | 
| Nature's Blessing | 1 |  | 
                4 total
 » buildings
                
                | Altar of Elders | 1 |  | 
| Moon Well | 20 |  | 
| Tree of Life | 3 |  | 
| Hunter's Hall | 1 |  | 
| Tree of Ages | 1 |  | 
| Tree of Eternity | 3 |  | 
| Ancient of Wonders | 3 |  | 
                32 total
 » build order
                00:34 Altar of Elders
00:37 Moon Well
01:22 Moon Well
02:09 Moon Well
02:10 Moon Well
03:53 Tree of Life
04:33 Hunter's Hall
04:35 Moon Well
07:51 Tree of Ages
08:46 Moon Well
08:48 Moon Well
08:49 Moon Well
11:09 Moon Well
11:10 Moon Well
11:12 Moon Well
11:16 Moon Well
11:17 Moon Well
11:45 Tree of Eternity
11:45 Tree of Eternity
11:52 Ancient of Wonders
18:59 Tree of Life
19:09 Ancient of Wonders
27:07 Moon Well
27:07 Moon Well
27:08 Moon Well
27:31 Tree of Life
27:54 Ancient of Wonders
29:57 Moon Well
29:57 Moon Well
30:14 Moon Well
30:15 Moon Well
» items
                
                | Boots of Speed | 1 |  | 
| Staff of Teleportation | 1 |  | 
| Dust of Appearance | 1 |  | 
| Orb of Venom | 1 |  | 
                4 total
  
                Chat log
          (00:08 / All) DevourPowerDour: holler for 1 dolarpoland
(00:13 / All) tylersaSOURpuss: who like to sucka dick warsaw #1
(00:55 / All) Glower: A Nelf
(01:06 / All) SourFlowerHour: No! THis is not my nacolyte?
(01:24 / All) SourFlowerHour: solve the riddle... before it destroys ye
(01:33 / All) tylersaSOURpuss: baby scream casue im so versaTILE
(01:46 / All) Sapphire[PL]: morda kurwy jebane
(01:54 / All) Can[T]YouStopMe: ;>
(01:56 / All) DevourPowerDour: what fate hast befallen him...?
(02:58 / All) tylersaSOURpuss: U AXE UR MOM PLEASE but she still says no.
(05:57 / All) Glower: our names....remain a mystery
(06:40 / Allies) tylersaSOURpuss: so=ur.........................patch kids
(08:00 / Allies) Glower: techxpo
(08:01 / All) Can[T]YouStopMe: -.-
(08:12 / Allies) tylersaSOURpuss: texpo
(08:14 / Allies) tylersaSOURpuss: techspo
(09:32 / All) DevourPowerDour: as it is in heaven.
(09:34 / All) Glower: godspeed is speed my blademaestro run
(09:34 / All) DevourPowerDour: one sec please.
(09:36 / All) DevourPowerDour: WAIT
(09:37 / All) DevourPowerDour: PLEASE
(09:38 / All) DevourPowerDour: DOLARPOLAND
(11:23 / All) tylersaSOURpuss: my name.......is iggy montoya.....
(18:52 / All) Glower: I bit u in the ass.
(20:46 / All) Glower: Bye
(23:35 / All) SourFlowerHour: staff
(23:36 / All) SourFlowerHour: n
(23:37 / All) SourFlowerHour: Laugh
(25:29 / All) Glower: peave bye
(26:10 / All) Glower: holler for a doller
(26:20 / All) DevourPowerDour: a dolarpoland... heh heh
(28:48 / All) Glower: noobs, come on.
(29:47 / All) Glower: So You Think You Can Wig
(30:05 / All) DevourPowerDour: so u want to make kodos and demos...
(30:15 / All) Glower: Who Wants To Be A Blademaster
(30:34 / All) tylersaSOURpuss: Wig or No Wig
(32:23 / All) DevourPowerDour: aye orange.. ur expo's nice!!
(32:41 / All) Sapphire[PL]: fucking lame noobs
(32:43 / All) Sapphire[PL]: fu
(32:45 / All) Glower: angry?
(32:47 / All) DevourPowerDour: hey..
(32:48 / All) DevourPowerDour: hey.
(32:49 / All) DevourPowerDour: hey...
(32:51 / All) Glower: call me: +16478699830
(32:56 / All) Sapphire[PL]: suck my dick